AoeStats
← ghartwig

Fortress

508969508Analyzed
2v2 RM · 8d ago on Sep 24, 2026· 46m 3s· 4 players
Game mode
Random Map
Map size
Normal (6 player)
Population
200
Speed
Normal
Resources
Standard
Victory
Conquest
Starting age
Dark Age
Ending age
Imperial Age
RankedLock teamsTeams togetherTeam positionsShared explorationLock speedFull tech treeHidden civsTurbo modeCheats
Victory
Defeat
🇲🇽 Bulgarians · Mexico
836
+16
🇲🇽 Romans · Mexico
829
+16
🇨🇱 Persians · Chile
841
-16
🇨🇱 Khmer · Chile
841
-16
Sir_ Arlan de Pennetry
3:23 Loom
8:17 Feudal Age
8:58 Double-Bit Axe
10:29 Wheelbarrow
9:38 Horse Collar
10:08 Gold Mining
14:09 Castle Age
24:54 Imperial Age
23:37 Stone Mining
26:21 Man-at-Arms
26:21 Pikeman
30:45 Guilds
30:44 Halberdier
30:45 Long Swordsman
32:53 Bow Saw
33:02 Caravan
33:29 Legionary
34:09 Squires
35:14 Hand Cart
34:46 Town Watch
35:15 Scale Barding Armor
35:21 Forging
35:14 Scale Mail Armor
35:25 Forging
35:15 Padded Archer Armor
35:06 Fletching
37:10 Chemistry
38:26 Iron Casting
38:24 Chain Mail Armor
38:25 Leather Archer Armor
40:28 Ballistas
41:58 Heavy Scorpion
44:36 Blast Furnace
44:00 Ballistics
43:46 Siege Engineers
44:32 Capped Ram
Sir_Porromostro
0:52 Loom
9:38 Feudal Age
9:59 Horse Collar
10:58 Wheelbarrow
10:11 Double-Bit Axe
16:15 Castle Age
19:25 Stone Mining
19:25 Gold Mining
21:58 Arson
22:16 Squires
26:11 Gold Shaft Mining
26:03 Ballistics
25:59 Masonry
25:47 Murder Holes
26:08 Scale Barding Armor
26:03 Scale Mail Armor
26:13 Forging
26:37 Bow Saw
28:00 Stone Shaft Mining
36:12 Hand Cart
ghartwig
7:45 Feudal Age
8:28 Double-Bit Axe
9:46 Wheelbarrow
12:54 Castle Age
11:30 Stone Mining
16:24 Bow Saw
23:08 Pikeman
25:47 Scale Mail Armor
26:07 Hand Cart
25:51 Horse Collar
27:13 Heavy Plow
28:56 Husbandry
29:06 Town Watch
30:49 Bloodlines
36:19 Imperial Age
37:21 Scale Barding Armor
38:34 Halberdier
38:59 Cavalier
40:22 Chain Barding Armor
41:19 Bloodlines
40:33 Elite Battle Elephant
42:43 Chemistry
42:04 Ballistics
41:14 Light Cavalry
42:00 Gold Mining
42:35 Conscription
42:18 Tusk Swords
42:21 Double Crossbow
43:33 Bloodlines
andronico
5:25 Loom
9:06 Feudal Age
14:56 Castle Age
13:56 Wheelbarrow
13:09 Double-Bit Axe
13:14 Horse Collar
14:17 Stone Mining
14:19 Gold Mining
16:01 Bow Saw
15:34 Pikeman
16:31 Forging
18:37 Wheelbarrow
21:09 Hand Cart
24:03 Kamandaran
31:29 Imperial Age
28:47 Town Watch
29:17 Fletching
29:31 Padded Archer Armor
29:49 Crossbowman
30:50 Town Patrol
31:08 Bloodlines
32:12 Thumb Ring
31:39 Cavalier
33:18 Husbandry
33:57 Savar
34:00 Light Cavalry
34:43 Bodkin Arrow
35:48 Conscription
38:54 Iron Casting
38:25 Scale Barding Armor
38:31 Hussar
42:09 Two-Man Saw
41:13 Heavy Plow
42:13 Halberdier
42:54 Squires
44:38 Blast Furnace
43:59 Chain Barding Armor
44:32 Scale Mail Armor
Connection lost

Rejoining the realm…

Still unreachable

The connection could not be restored.

Session expired

The server has moved on; the page needs a fresh start.